 Dungeon Sprint DCSS version 0.31-a0-667-g39726597b9 (webtiles) character file.

Game seed: 8666469123299479468

7961 Revguard the Fighter (level 11, -7/104 HPs)
             Began as a Ghoul Fighter on Sept 4, 2023.
             Was the Champion of Makhleb.
             Mangled by Bimeef the pandemonium lord (18 damage)
             ... in the Dungeon (Sprint V: "Ziggurat Sprint").
             The game lasted 00:06:50 (515 turns).

Revguard the Fighter (Ghoul Fighter)                 Turns: 515, Time: 00:06:50

Health: -7/104     AC: 29    Str: 23    XL:     11   Next: 23%
Magic:  0/18       EV:  1    Int:  3    God:    Makhleb [******]
Gold:   0          SH: 30    Dex: 18    Spells: 10/10 levels left

rFire   + + +        C - +16 obsidian axe {drain, demonic, Mesm Drain Fly SInv}
rCold   + + .        B - +18 shield of the Gong {Loud rN+ Will+ rCorr EV-5}
rNeg    + + +        A - +15 Maxwell's patent armour {-Cast -Tele rElec Will+ rCorr}
rPois   ∞            (no helmet)
rElec   +            (no cloak)
rCorr   +            (no gloves)
SInv    +            (no boots)
Will    ++...        I - amulet "Tihaybbo" {Acrobat rF+++ Will- Regen+ rCorr} Stlth
                     F - ring of Exzihod {rPois Str+2 Dex+4}
HPRegen 0.00/turn    b - ring of Xom's Passing Interest {rElec rPois Will+ Dex+2}
MPRegen 0.16/turn

%: no teleportation, no spellcasting, acrobat
@: mighty, resistant, petrifying, flying, mesmerised, inhibited regen, hasted,
studying 2 skills
A: claws 1, cold resistance 1, negative energy resistance 3, inhibited
regeneration, torment resistance 2, devour on kill
a: Renounce Religion, Minor Destruction, Lesser Servant of Makhleb, Major
Destruction, Greater Servant of Makhleb


You were in the Dungeon.
You worshipped Makhleb.
Makhleb was exalted by your worship.
You visited 1 branch

Inventory:

Hand Weapons
 s - the +6 arbalest "Damnation" {damnation}
   (You found it in the Dungeon)
 C - the +16 obsidian axe (weapon) {drain, demonic, Mesm Drain Fly SInv}
   (You found it in the Dungeon)

   Mesm:      Its wielder is mesmerised by any visible foes, and it cannot be
   unequipped while any foes are visible.
   SInv:      It lets you see invisible.
   Fly:       It grants you flight.
   Drain:     It drains your maximum health when unequipped.
 D - the +8 demon blade "Leech" {evervamp, Harm Drain rN+}
   (You found it in the Dungeon)

   rN+:       It protects you from negative energy.
   Drain:     It drains your maximum health when unequipped.
   Harm:      It increases damage dealt and taken.
Armour
 A - the +15 Maxwell's patent armour (worn) {-Cast -Tele rElec Will+ rCorr}
   (You found it in the Dungeon)

   rElec:     It insulates you from electricity.
   Will+:     It increases your willpower.
   -Cast:     It prevents spellcasting.
   -Tele:     It prevents most forms of teleportation.
   rCorr:     It protects you from acid and corrosion.
 B - the +18 shield of the Gong (worn) {Loud rN+ Will+ rCorr EV-5}
   (You found it in the Dungeon)

   Loud:      It is deafeningly noisy when blocking attacks.
   EV-5:      It affects your evasion (-5).
   rN+:       It protects you from negative energy.
   Will+:     It increases your willpower.
   rCorr:     It protects you from acid and corrosion.
Jewellery
 b - the ring of Xom's Passing Interest (right claw) {rElec rPois Will+ Dex+2}
   (You found it in the Dungeon)

   [ring of poison resistance]

   Dex+2:     It affects your dexterity (+2).
   rElec:     It insulates you from electricity.
   rPois:     It protects you from poison Will+: It increases your willpower.
 r - a ring of resist corrosion
 t - an amulet of regeneration
 u - a ring of willpower
 w - a +6 ring of strength
 x - a +6 ring of strength
 F - the ring of Exzihod (left claw) {rPois Str+2 Dex+4}
   (You found it in the Dungeon)

   [ring of poison resistance]

   Str+2:     It affects your strength (+2).
   Dex+4:     It affects your dexterity (+4).
   rPois:     It protects you from poison
 G - an amulet of the acrobat
 H - the amulet "Gojogris" {Spirit Regen+ Dex+6}
   (You found it in the Dungeon)

   [amulet of guardian spirit]

   Spirit:    It causes incoming damage to be divided between your reserves of
   health and magic.
   Dex+6:     It affects your dexterity (+6).
   Regen+:    It increases your rate of health regeneration.
 I - the amulet "Tihaybbo" (around neck) {Acrobat rF+++ Will- Regen+ rCorr}
   (You found it in the Dungeon)

   [amulet of the acrobat]

   Acrobat:   It increases your evasion while moving and waiting.
   rF+++:     It renders you almost immune to fire.
   Will-:     It decreases your willpower.
   Regen+:    It increases your rate of health regeneration.
   rCorr:     It protects you from acid and corrosion.
Wands
 c - a wand of charming (11)
 m - a wand of polymorph (11)
 v - a wand of digging (7)
 y - a wand of mindburst (5)
 z - a wand of light (12)
 E - a wand of flame (12)
Scrolls
 a - 4 scrolls of enchant weapon
 i - 4 scrolls of blinking
 n - 4 scrolls of amnesia
 o - 8 scrolls of fog
 p - 5 scrolls of identify
 q - 2 scrolls of fear
Potions
 d - 5 potions of might
 e - 10 potions of curing
 f - 7 potions of heal wounds
 g - 6 potions of haste
 h - 7 potions of magic
 j - 2 potions of brilliance
 k - 2 potions of invisibility
 l - 3 potions of resistance


   Skills:
 + Level 12.1 Fighting
 + Level 10.0 Axes
 + Level 9.9 Armour
 + Level 9.4 Dodging
 + Level 9.9 Shields
 + Level 11.2 Invocations
 + Level 9.4 Evocations


You had 10 spell levels left.
You didn't know any spells.
Your spell library contained the following spells:

 Spells                   Type           Power      Damage    Failure   Level
 Lesser Beckoning         Tloc           0%         N/A       100%        2
 Static Discharge         Conj/Air       0%         2-2/arc   100%        2
 Gell's Gravitas          Tloc           0%         N/A       100%        3
 Teleport Other           Tloc           0%         N/A       100%        3
 Airstrike                Air            0%         2d(0-16)  100%        4
 Animate Dead             Necr           0%         N/A       100%        4
 Summon Lightning Spire   Summ/Air       0%         N/A       100%        4
 Borgnjor's Vile Clutch   Necr/Erth      0%         N/A       100%        5
 Conjure Ball Lightning   Conj/Air       0%         3x3d6     100%        6
 Death Channel            Necr           0%         N/A       100%        6
 Discord                  Hex            0%         N/A       100%        8
 Disjunction              Tloc           0%         N/A       100%        8


Dungeon Overview and Level Annotations

Branches:
Dungeon (1/1)

Altars:
Ashenzari
Cheibriados
Dithmenos
Fedhas
Gozag
Hepliaklqana
Kikubaaqudgha
Makhleb
Nemelex Xobeh
Okawaru
Qazlal
Ru
Sif Muna
Trog
Uskayaw
Vehumet
Wu Jian
Xom
Yredelemnul
Jiyva
Lugonu


Innate Abilities, Weirdness & Mutations

You are immune to poison.
You have sharp fingernails.
Your flesh is cold resistant. (rC+)
You are immune to negative energy. (rN+++)
You do not regenerate when monsters are visible.
You are immune to unholy pain and torment.
You thrive by killing the living.


Message History

PTOANNNG!
Your balrug misses Bimeef. Bimeef hits you but does no damage.
You feel much better.
Visions of slaying the balrug flood into your mind.
You are engulfed in seething chaos.
You are slowing down.
The balrug hits you with a +2 demon whip of freezing!
You are engulfed in flames.
You resist. The balrug freezes you. You block Punnem's attack.
GONNNNG!
Bimeef hits you but does no damage.
The reaper is engulfed in seething chaos.
The reaper suddenly seems more resistant.
The reaper hits your balrug with a +3 scythe of protection!!
Your balrug dies!
Your balrug disappears in a puff of smoke!
The blizzard demon is engulfed in seething chaos.
The reaper is engulfed in seething chaos.
The reaper seems to speed up.
You block the reaper's attack.
PTOANNNG!
You block the balrug's attack.
BOUMMMMG!
Okay, then.
You slash Bimeef!
Bimeef is lightly wounded.
You slice the balrug!! You barely miss Punnem.
Visions of slaying Punnem flood into your mind.
You are engulfed in seething chaos.
You feel protected. You block Punnem's attack.
BONNNG!
Bimeef hits you!
You feel your power leaking away. You block the balrug's attack.
GONNNNG!
The reaper is engulfed in seething chaos.
The reaper hits you from afar with a +3 scythe of protection!!!
* * * LOW HITPOINT WARNING * * *
Bimeef hits you!!
You die...

© ▓...8©8...▓
▓..[)[)[..▓..=..[...▓
▓..|:/)=..▓....).)..▓
▓....53...▓...†.†...▓
▓....5....▓...†††...▓
▓....325§.▓.........▓
▓...4322§.▓.........▓
▓...§&&25.▓.▓.....▓.▓
▓.▓.§§@.▓.▓....©....▓
▓....©....▓▓▓▓▓▓▓▓▓▓▓
▓▓▓▓▓▓▓▓▓▓▓


You could see Bimeef, Punnem (mesmerising, clouds), 2 reapers, a balrug (fast,
strong), a blizzard demon, a soul eater (agile), a sun demon, a rust devil
(corroded), a ynoxinul (strong) and 4 ufetubi.

Vanquished Creatures
  A dancing weapon (D)
  A deep elf zephyrmancer (D)
  2 deep elf pyromancers (D)
  A gargoyle (D)
  A cane toad (D)
  A slime creature (D)
  A jumping spider (D)
  A basilisk (D)
  2 floating eyes (D)
  A scorpion (D)
  2 orc priests (D)
  5 orc wizards (D)
  An orc (D)
  An endoplasm (D)
  A ball python skeleton (D)
  A giant cockroach zombie (D)
23 creatures vanquished.

Vanquished Creatures (collateral kills)
  A wolf spider (D)
  4 toenail golems (D)
  An eye of devastation (D)
  A cane toad (D)
  An ice devil (D)
  2 slime creatures (D)
  2 jumping spiders (D)
  A yak (D)
  3 golden eyes (D)
  2 redbacks (D)
  A floating eye (D)
  A wolf (D)
  2 scorpions (D)
  2 earth elementals (D)
  3 jellies (D)
  An orc wizard (D)
  A river rat (D)
  3 endoplasms (D)
32 creatures vanquished.

Grand Total: 55 creatures vanquished

Notes
Turn   | Place    | Note
-------+----------+-------------------------------------------
     0 | D        | Revguard the Ghoul Fighter began the quest for the Orb.
     0 | D        | Reached XP level 1. HP: 19/19 MP: 0/0
     0 | D        | Found a blossoming altar of Fedhas.
     0 | D        | Found the +6 Majin-Bo {spellvamp, MP+6 Int+6}
     0 | D        | Found the +27 heavy crossbow "Sniper" {heavy, Acc+∞ SInv}
     0 | D        | Found the +10 dark maul {heavy}
     0 | D        | Found the +15 Maxwell's patent armour {-Cast -Tele rElec
                  | Will+ rCorr}
     0 | D        | Found the +18 shield of the Gong {Loud rN+ Will+ rCorr
                  | EV-5}
     0 | D        | Found the +16 obsidian axe {drain, demonic, Mesm Drain Fly
                  | SInv}
     0 | D        | Found the +7 great mace "Firestarter" {flame, immolate,
                  | rFlCloud rF++}
     0 | D        | Found the +6 shillelagh "Devastator" {shatter}
     0 | D        | Found the +11 plutonium sword {Contam Stlth-}
     0 | D        | Found the +8 lance "Wyrmbane" {slay drac, rPois rF+ rC+
                  | AC+3}
     0 | D        | Found the +9 sword of Zonguldrok {reap}
     0 | D        | Found the +13 scythe of Curses {drain, curses, Drain}
     0 | D        | Found the +9 sword of Power {lifebolt}
     0 | D        | Found the +7 mace of Variability {chaos, chaos arc}
     0 | D        | Found the +11 Singing Sword {sonic wave}
     0 | D        | Found the +8 storm bow {elec, penet}
     1 | D        | Found a shimmering blue altar of Sif Muna.
     1 | D        | Found a sacrificial altar of Ru.
     1 | D        | Found a bloodstained altar of Trog.
     1 | D        | Found a stormy altar of Qazlal.
     1 | D        | Found an iron altar of Okawaru.
     1 | D        | Found a sparkling altar of Nemelex Xobeh.
     3 | D        | Found a transporter.
     3 | D        | Found an ancient bone altar of Kikubaaqudgha.
     3 | D        | Found a viscous altar of Jiyva.
     3 | D        | Found a corrupted altar of Lugonu.
     3 | D        | Found a hazy altar of Hepliaklqana.
     3 | D        | Found a burning altar of Makhleb.
     3 | D        | Found an opulent altar of Gozag.
    95 | D        | Became a worshipper of Makhleb the Destroyer
   110 | D        | Reached skill level 4 in Fighting
   110 | D        | Reached XP level 2. HP: 28/28 MP: 0/3
   121 | D        | Entered arena 2.
   121 | D        | Found a transporter.
   130 | D        | Entered arena 3.
   130 | D        | Noticed a floating eye
   130 | D        | Found a transporter.
   133 | D        | Killed a floating eye
   133 | D        | Reached * piety under Makhleb
   134 | D        | Reached skill level 5 in Fighting
   134 | D        | Reached XP level 3. HP: 34/37 MP: 2/5
   134 | D        | Reached XP level 4. HP: 41/44 MP: 2/6
   134 | D        | Reached XP level 5. HP: 47/50 MP: 2/7
   144 | D        | Entered arena 4.
   144 | D        | Noticed a deep elf pyromancer
   144 | D        | Noticed a +3 war axe of venom
   144 | D        | Noticed a deep elf zephyrmancer
   144 | D        | Noticed a deep elf pyromancer
   144 | D        | Found a transporter.
   149 | D        | Killed a deep elf pyromancer
   149 | D        | Reached ** piety under Makhleb
   150 | D        | Reached skill level 7 in Fighting
   150 | D        | Reached skill level 5 in Axes
   150 | D        | Reached skill level 5 in Armour
   150 | D        | Reached skill level 5 in Dodging
   150 | D        | Reached skill level 5 in Shields
   150 | D        | Reached skill level 5 in Evocations
   150 | D        | Reached XP level 6. HP: 21/60 MP: 3/9
   150 | D        | Reached XP level 7. HP: 23/66 MP: 3/10
   150 | D        | Killed a deep elf pyromancer
   151 | D        | Reached skill level 8 in Fighting
   151 | D        | Reached XP level 8. HP: 30/74 MP: 3/12
   155 | D        | Killed a +3 war axe of venom
   156 | D        | Reached skill level 9 in Fighting
   160 | D        | Killed a deep elf zephyrmancer
   161 | D        | Reached XP level 9. HP: 21/83 MP: 5/14
   349 | D        | Entered arena 5.
   349 | D        | Found a transporter.
   351 | D        | Reached *** piety under Makhleb
   363 | D        | Got the ring of Xom's Passing Interest {rElec rPois Will+
                  | Dex+2}
   369 | D        | Entered arena 6.
   369 | D        | Found a transporter.
   371 | D        | Reached **** piety under Makhleb
   373 | D        | Reached ***** piety under Makhleb
   388 | D        | Entered arena 7.
   388 | D        | Found the +6 arbalest "Damnation" {damnation}
   388 | D        | Noticed a cane toad
   388 | D        | Noticed a cane toad
   389 | D        | Found a transporter.
   391 | D        | Killed a cane toad
   392 | D        | Killed a cane toad
   393 | D        | Reached skill level 10 in Fighting
   411 | D        | Entered arena 8.
   411 | D        | Found the +8 demon blade "Leech" {evervamp, Harm Drain rN+}
   412 | D        | Found a transporter.
   413 | D        | Reached ****** piety under Makhleb
   414 | D        | Reached XP level 10. HP: 86/94 MP: 14/16
   424 | D        | Entered arena 9.
   424 | D        | Noticed a toenail golem
   424 | D        | Noticed a toenail golem
   424 | D        | Noticed a gargoyle
   424 | D        | Noticed a toenail golem
   424 | D        | Noticed a toenail golem
   425 | D        | Found a transporter.
   428 | D        | Killed a toenail golem
   431 | D        | Killed a toenail golem
   433 | D        | Killed a toenail golem
   434 | D        | Reached skill level 11 in Fighting
   434 | D        | Reached skill level 10 in Invocations
   434 | D        | Killed a gargoyle
   438 | D        | Killed a toenail golem
   446 | D        | Entered arena 10.
   446 | D        | Noticed an eye of devastation
   447 | D        | Found a transporter.
   450 | D        | Killed an eye of devastation
   456 | D        | Got the ring of Exzihod {rPois Str+2 Dex+4}
   465 | D        | Entered arena 11.
   465 | D        | Noticed a wolf spider
   466 | D        | Found a transporter.
   468 | D        | Reached XP level 11. HP: 104/104 MP: 18/18
   474 | D        | Killed a wolf spider
   475 | D        | Reached skill level 12 in Fighting
   477 | D        | Reached skill level 10 in Axes
   486 | D        | Got the amulet "Gojogris" {Spirit Regen+ Dex+6}
   489 | D        | Got the amulet "Tihaybbo" {Acrobat rF+++ Will- Regen+
                  | rCorr}
   505 | D        | Entered arena 12.
   505 | D        | Noticed a balrug
   505 | D        | Noticed a soul eater
   505 | D        | Noticed Bimeef the pandemonium lord
   505 | D        | Noticed a sun demon
   505 | D        | Noticed a reaper
   505 | D        | Noticed a blizzard demon
   506 | D        | Noticed Punnem the pandemonium lord
   515 | D        | Mangled by Bimeef the pandemonium lord

Illustrated notes

Levels and vault maps discovered:
D:        sprint_v [room_start, room_1, room_2, room_3, room_4, room_5, room_6,
          room_7, room_8, room_9, room_10, room_11, room_12, room_13, room_14,
          room_15, room_16, room_17, room_18, room_19, room_20, room_21,
          room_22, room_23, room_24, room_25, room_26, room_27]

Skill      XL: |  1  2  3  4  5  6  7  8  9 10 11 |
---------------+----------------------------------+-----
Fighting       | 4 5 7 8 9 10 11 12 | 12.1
Axes           | 3 4 5 6 7 8 9 10 | 10.0
Armour         | 3 4 5 6 7 8 9 |  9.9
Dodging        | 2 3 5 6 7 9 |  9.4
Shields        | 3 4 5 6 7 8 9 |  9.9
Invocations    | 2 4 6 7 8 9 10 11 | 11.2
Evocations     | 2 3 5 6 7 9 |  9.4

Action                     |  1- 3 |  4- 6 |  7- 9 | 10-12 || total
---------------------------+-------+-------+-------+-------++-------
  Melee: Broad axe         |     2 |     4 |    20 |    21 ||    47
 Invoke: Greater Servant o |       |       |       |     1 ||     1
  Evoke: Wand              |       |       |     2 |     1 ||     3
    Use: Potion            |     1 |     1 |     1 |     3 ||     6
 Armour: Plate armour      |       |     6 |    17 |    37 ||    60
  Dodge: Dodged            |       |     1 |     3 |     5 ||     9
  Block: Kite shield       |     6 |     6 |    15 |    52 ||    79

Table legend: (Time is in decaauts)
 A = Elapsed time spent in this place.
 B = Non-inter-level travel time spent in this place.
 C = Inter-level travel time spent in this place.
 D = Time resting spent in this place.
 E = Time spent auto-exploring this place.
 F = Levels seen in this place.
 G = Mean time per level.
                   A        B        C        D        E       F      G
               +--------+--------+--------+--------+--------+-----+--------+
         Total |    523 |    523 |      0 |    170 |      0 |   1 |  523.0 |
       Dungeon |    523 |    523 |      0 |    170 |      0 |   1 |  523.0 |
               +--------+--------+--------+--------+--------+-----+--------+

Top non-repeatable levels by time:
       D: 523 daAuts
